 Dungeon Crawl Stone Soup version 0.20-a0-870-g4070442 (webtiles) character file.

8 4thArraOfDagon the Grave Robber (level 2, -1/13 HPs)
             Began as a Felid Wanderer on Mar 13, 2017.
             Hit by a stone thrown by a kobold (3 damage)
             ... on level 1 of the Dungeon.
             The game lasted 00:01:02 (172 turns).

4thArraOfDagon the Grave Robber (Felid Wanderer)     Turns: 172, Time: 00:01:02

Health: -1/13      AC:  1    Str:  8    XL:     2   Next: 0%
Magic:  1/4        EV: 16    Int: 13    God:
Gold:   0          SH:  0    Dex: 15    Spells: 2/3 levels left
                                        Lives:  0   Deaths: 0

rFire    . . .     SeeInvis +     - Unarmed
rCold    . . .     Gourm    .   (armour unavailable)
rNeg     . . .     Faith    .   (shield unavailable)
rPois    .         Spirit   .   (helmet unavailable)
rElec    .         Reflect  .   (cloak unavailable)
rCorr    .         Harm     .   (gloves unavailable)
MR       .....                  (boots unavailable)
Stlth    ++........             (no amulet)
Regen    0.1/turn               (no ring)
MPRegen  0.1/turn               (no ring)

@: very slightly contaminated, quick
A: no armour, no weapons or thrown items, stealth, claws 1, fangs 3, see
invisible, carnivore 3, speed 1, shaggy fur 1, slow metabolism 1, sharp paws
a: no special abilities


You were on level 1 of the Dungeon.
You were very full.

You visited 1 branch of the dungeon, and saw 1 of its levels.

Inventory:

Scrolls
 e - a scroll of magic mapping {unknown}
Potions
 c - a potion of curing
Books
 a - a book of Necromancy

   Spells                             Type                      Level
   a - Pain                           Necromancy                   1
   b - Animate Skeleton               Necromancy                   1
   c - Vampiric Draining              Necromancy                   3
   d - Regeneration                   Charms/Necromancy            3
   e - Animate Dead                   Necromancy                   4
   f - Control Undead                 Necromancy                   4
 b - the Papyrus of Hexes

   Spells                             Type                      Level
   a - Corona                         Hexes                        1
   b - Summon Guardian Golem          Hexes/Summoning              3
Comestibles
 d - 2 meat rations


   Skills:
 - Level 2.0 Fighting
 + Level 1.0 Dodging
 + Level 1.5 Stealth
 * Level 1.3 Unarmed Combat
 - Level 1.0 Spellcasting
 - Level 4.0 Necromancy
   Level 2.1 Evocations


You had 2 spell levels left.
You knew the following spells:

 Your Spells              Type           Power        Failure   Level  Hunger
a - Pain                  Necr           ##..         8%          1    ##.....


Dungeon Overview and Level Annotations

Branches:
Dungeon (1/15)

Altars:


Innate Abilities, Weirdness & Mutations

You cannot wear armour.
You are incapable of wielding weapons or throwing items.
Your paws allow you to move quietly. (Stealth)
You have sharp claws.
You have razor-sharp teeth.
You have supernaturally acute eyesight. (SInv)
You are carnivorous and can eat meat at any time.
You cover ground quickly.
You are covered in fur. (AC +1)
You have a slow metabolism.
Your sharp claws are effective at attacking unaware monsters.


Message History

The goblin writhes in agony!
You kill the goblin!
Your Dodging skill increases to level 1!
You have reached level 2!
You see here a goblin corpse.
You butcher the goblin corpse.
f - a chunk of flesh Eat a chunk of flesh? (ye/n/q)
You eat the chunk of flesh.
This raw flesh tastes great.
Found a stone staircase leading down.
A bat comes into view.
The bat moves out of view.
Unknown command.
A kobold comes into view. It is wielding a short sword of venom.
The kobold shouts!
The kobold throws a stone.
The stone hits you but does no damage.
You see here a stone.
Unknown command.
The kobold throws a stone.
The stone hits you.
You die...

#####.............######
################....####
#.......................
.#####.####........####
#.# ##.....#.# . # #.#
##......# ##.K#.##.#
######## .......(.#
##......@# #.##.##.# #.
#.# # #.# ... ... ...#
....#


You could see a kobold.

Vanquished Creatures
  A dart slug (D:1)
  2 goblins (D:1)
  A hobgoblin (D:1)
  A frilled lizard (D:1)
  A rat (D:1)
6 creatures vanquished.

Notes
Turn   | Place    | Note
-------+----------+-------------------------------------------
     0 | D:1      | 4thArraOfDagon the Felid Wanderer began the quest for the Orb.
     0 | D:1      | 4thArraOfDagon set off with: a book of Necromancy, the Papyrus of Hexes, a potion of curing, a meat ration
     0 | D:1      | Reached XP level 1. HP: 9/9 MP: 3/3
     0 | D:1      | Identified the Papyrus of Hexes
    20 | D:1      | Learned a level 1 spell: Pain
    27 | D:1      | Reached skill level 1 in Stealth
   150 | D:1      | Reached skill level 1 in Dodging
   150 | D:1      | Reached XP level 2. HP: 2/13 MP: 0/4
   172 | D:1      | Hit by a stone thrown by a kobold

Vault maps used:
D:1:      dpeg_arrival_oval

Skill      XL: |  1 |
---------------+----+-----
Stealth        | 1 |  1.5
Dodging        | 1 |  1.0
Fighting       | |  2.0
Unarmed Combat | |  1.3
Spellcasting   | |  1.0
Necromancy     | |  4.0
Evocations     | |  2.1

Action                   || total
-------------------------++-------
Melee: Unarmed           ||     9
 Cast: Pain              ||     8
 Stab: Sleeping          ||     1
  Eat: Chunk             ||     4
Armor: Skin              ||     2
Dodge: Dodged            ||     6
